 Dungeon Crawl Stone Soup version 0.22.0-1-g6561e4c (webtiles) character file.

17 letownia2 the Insei (level 2, 0/21 HPs)
             Began as a Demonspawn Transmuter on Aug 12, 2018.
             Slain by a rat (3 damage)
             ... on level 1 of the Dungeon.
             The game lasted 00:01:23 (258 turns).

letownia2 the Insei (Demonspawn Transmuter)          Turns: 258, Time: 00:01:23

Health: 0/21       AC:  3    Str: 10    XL:     2   Next: 44%
Magic:  4/5        EV: 12    Int: 14    God:
Gold:   21         SH:  0    Dex: 15    Spells: 4/5 levels left

rFire    . . .     SeeInvis .     - Unarmed
rCold    . . .     Gourm    .   (no shield)
rNeg     . . .     Faith    .   c - +0 leather armour
rPois    .         Spirit   .   (no helmet)
rElec    .         Reflect  .   (no cloak)
rCorr    .         Harm     .   (no gloves)
MR       .....                  (no boots)
Stlth    ++........             (no amulet)
HPRegen  0.07/turn              (no ring)
MPRegen  0.09/turn              (no ring)

@: appendage, very slightly contaminated
A: horns 2, thin skeletal structure 1
a: End Transformation


You were on level 1 of the Dungeon.
You were not hungry.
You had grown temporary horns.
You visited 1 branch of the dungeon, and saw 2 of its levels.

You collected 21 gold pieces.

Inventory:

Missiles
 a - 12 arrows
Armour
 b - a +0 robe
 c - a +0 leather armour (worn)
Scrolls
 e - 3 scrolls of identify {unknown}
 f - 2 scrolls of teleportation {unknown}
Comestibles
 d - 2 rations


   Skills:
 - Level 1.0 Fighting
 - Level 1.7 Dodging
 + Level 3.5 Unarmed Combat
 - Level 2.0 Spellcasting
 - Level 1.7 Transmutations


You had 4 spell levels left.
You knew the following spells:

 Your Spells              Type           Power        Failure   Level  Hunger
a - Beastly Appendage     Tmut           #.....       16%         1    ##.....

Your spell library contained the following spells:

 Spells                   Type           Power        Failure   Level  Hunger
 Spider Form              Tmut/Pois      #.........   56%         3    ####...
 Blade Hands              Tmut           #.........   99%         5    ######.
 Ice Form                 Ice/Tmut       #.......     92%         4    #####..
 Sticks to Snakes         Tmut           #.......     24%         2    ###....


Dungeon Overview and Level Annotations

Branches:
Dungeon (2/15)

Altars:


Innate Abilities, Weirdness & Mutations

You have a somewhat thin skeletal structure. (Dex +2, Stealth)
You have a pair of horns on your head.


Message History

Nothing appears to happen.
The goblin shouts!
The rat bites you.
* * * LOW HITPOINT WARNING * * *
There is an open door, spattered with blood here.
Things that are here:
a rat corpse; a frilled lizard corpse; a goblin corpse
Casting: Beastly Appendage (safe; 16% risk of failure)
Confirm with . or Enter, or press ? or * to list all spells.
You grow a pair of large bovine horns.
The rat bites you.
* * * LOW HITPOINT WARNING * * *
You hit the goblin.
The goblin is heavily wounded.
You barely miss the goblin.
The goblin is heavily wounded.
The goblin barely misses you.
You hit the goblin. You headbutt the goblin.
You kill the goblin!
You closely miss the rat. The rat bites you.
You die...

########
#.##.........#
#......#
#.##.........###
#......# #.#
#...).....
#......# #.#
###.......
#......# #.#
#.######
#......# #.# #.#
#......# #.# #.#
##......###.#
#.#
#.......r@..# #
#'# #
#.......#####
##≈♣.♣≈##
#.......#
#≈≈♣.♣≈≈#
#.......#
#≈≈♣.♣≈≈#
#.......#
#≈♣...♣≈#
#.......#
♣.....♣
.........#
#.#.#.#
####......#
###<### #......#
###


You could see a rat.

Vanquished Creatures
  A dart slug (D:1)
  A leopard gecko (D:1)
  A giant cockroach (D:1)
  4 goblins (D:1)
  2 hobgoblins (D:1)
  A frilled lizard (D:1)
  A kobold (D:1)
  2 rats (D:1)
13 creatures vanquished.

Notes
Turn   | Place    | Note
-------+----------+-------------------------------------------
     0 | D:1      | letownia2 the Demonspawn Transmuter began the quest for the Orb.
     0 | D:1      | Reached XP level 1. HP: 15/15 MP: 3/3
    56 | D:1      | Reached skill level 3 in Unarmed Combat
   106 | D:1      | Gained mutation: You have a somewhat thin skeletal structure. (Dex +2, Stealth) [demonic ancestry]
   106 | D:1      | Reached XP level 2. HP: 11/21 MP: 3/5
   258 | D:1      | Slain by a rat

Skill      XL: |  1 |
---------------+----+-----
Unarmed Combat | 3 |  3.5
Fighting       | |  1.0
Dodging        | |  1.7
Spellcasting   | |  2.0
Transmutations | |  1.7

Action                   || total
-------------------------++-------
Melee: Unarmed           ||    51
       Kick              ||     5
       Headbutt          ||     4
       Punch             ||     2
 Cast: Beastly Appendage ||    10
Armor: Leather armour    ||     8
Dodge: Dodged            ||    25
